 Dungeon Crawl Stone Soup version 0.30-a0-469-g84de5afbc5 (webtiles) character file.

Game seed: 13218244659953861466

71 Zonian the Magician (level 4, 0/31 HPs)
             Began as a Djinni Ice Elementalist on Dec 19, 2022.
             Killed from afar by a white imp (12 damage)
             ... with a puff of frost
             ... summoned by Natasha
             ... on level 2 of the Dungeon.
             The game lasted 00:02:04 (1828 turns).

Zonian the Magician (Djinni Ice Elementalist)       Turns: 1828, Time: 00:02:04

Health: 0/31       AC:  2    Str:  7    XL:     4   Next: 47%
Gold:   77         EV: 13    Int: 18    God:
                   SH:  0    Dex: 14

rFire   + + .      SeeInvis .    (no weapon)
rCold   x . .      Faith    .    (no shield)
rNeg    . . .      Spirit   .    a - +0 robe
rPois   ∞          Reflect  .    (no helmet)
rElec   .          Harm     .    (no cloak)
rCorr   .          Rampage  .    (no gloves)
Will    .....                    (boots unavailable)
Stlth   ++........               g - amulet of regeneration
HPRegen 1.05/turn                (no ring)
MPRegen 0.00/turn                (no ring)

@: flying
A: sickness immunity, fire resistance 2, cold vulnerability 1, float, innate
caster, HP casting, extra vitality 1
a: no special abilities


You were on level 2 of the Dungeon.
You visited 1 branch of the dungeon, and saw 2 of its levels.

You collected 77 gold pieces.

Inventory:

Hand Weapons
 e - a +0 sling
Missiles
 i - 6 poisoned darts
Armour
 a - a +0 robe (worn)
Jewellery
 g - an amulet of regeneration (around neck)
Scrolls
 d - 2 scrolls of identify {unknown}
 f - a scroll of magic mapping {unknown}
 h - a scroll of fear {unknown}
Potions
 b - a potion of invisibility {unknown}
 c - 2 potions of heal wounds {unknown}
 j - a potion of might {unknown}
 k - a potion of haste {unknown}


   Skills:
 + Level 3.3 Dodging
 + Level 2.5 Stealth
 + Level 3.7 Spellcasting


You couldn't memorise any spells.
You knew the following spells:

 Your Spells              Type           Power      Damage    Failure   Level
a - Freeze                Ice            64%        1d7       3%          1
b - Frozen Ramparts       Ice            32%        1d5       10%         3
c - Ozocubu's Armour      Ice            16%        N/A       10%         3
d - Summon Ice Beast      Ice/Summ       16%        N/A       32%         4
e - Sandblast             Erth           32%        2d9       3%          1
Your spell library was empty.

Dungeon Overview and Level Annotations

Branches:
Dungeon (2/15)

Altars:
Trog

Annotations:
D:2 Natasha


Innate Abilities, Weirdness & Mutations

You are immune to sickness and miasma.
You are immune to poison.
Your flesh is very heat resistant. (rF++)
You are vulnerable to cold. (rC-)
You float through the air rather than walking.
You learn spells naturally, not from books.
Your magical power is your life essence.
You have superior vitality. (+4 MHP)


Message History

Unknown command.
There is a stone staircase leading up here.
k - an inky potion Unknown command.
A kobold comes into view. It is wielding a +2 vampiric whip.
A kobold is nearby!
Unknown command.
Natasha, Servant of Life and Death comes into view.
There is a stone staircase leading up here.
Natasha hisses angrily.
The kobold shouts!
Natasha extends her claws.
Natasha mumbles some strange words.
You closely miss the kobold.
The kobold hits you with a +2 vampiric whip.
You freeze the kobold.
You kill the kobold!
Natasha stares at you and mumbles some strange words.
You resist with some effort.
You freeze the white imp but do no damage.
The white imp completely resists.
The white imp hits you. The white imp freezes you!
You feel a terrible chill!
Unknown command.
Casting: Freeze (safe; 3% risk of failure)
Confirm with . or Enter, or press ? or * to list all spells.
Aiming: Sandblast (safe; 3% risk of failure)
Press: ? - help, Shift-Dir - straight line, f/p - white imp
Aim: a white imp (summoned, 82% to hit)
The blast of sand misses the white imp.
The white imp hits you. The white imp freezes you!
You feel a terrible chill!
Unknown command.
Casting: Sandblast (safe; 3% risk of failure)
Confirm with . or Enter, or press ? or * to list all spells.
Aiming: Sandblast (safe; 3% risk of failure)
Press: ? - help, Shift-Dir - straight line, f/p - white imp
Aim: a white imp (summoned, 82% to hit)
The blast of sand hits the white imp but does no damage.
The white imp gestures at you. The puff of frost hits you!
You feel a terrible chill!
You die...

.....###..### #.# .....#
#..... #.#.#
#..#.###..######.#.###
#............<...#... #
#..#.###.#######.#.###..
#...............<.......
#......#.#######........
.....#.#.# #.5h.....
#.#..#.#[#######@#.....#
................)......#
....##.#.###...#.#.#....
#...##.#.###.###.#......
#................. .....
....##.#.......... ....#
...........####### ##.#
.....#.#..## .#
............


You could see Natasha and a white imp (summoned).

Vanquished Creatures
  4 adders (D:2)
  A worm (D:2)
  3 dart slugs (D:1)
  A ball python (D:2)
  A bat (D:1)
  An endoplasm (D:1)
  A goblin (D:1)
  3 hobgoblins
  4 jackals (D:2)
  A quokka (D:1)
  2 frilled lizards (D:1)
  2 kobolds
  3 rats (D:2)
27 creatures vanquished.

Vanquished Creatures (others)
  4 toadstools (D:1)
4 creatures vanquished.

Grand Total: 31 creatures vanquished

Notes
Turn   | Place    | Note
-------+----------+-------------------------------------------
     0 | D:1      | Zonian the Djinni Ice Elementalist began the quest for the
                  | Orb.
     0 | D:1      | Zonian set off with the following spells memorised: Freeze,
                  | Frozen Ramparts, Ozocubu's Armour, Summon Ice Beast.
     0 | D:1      | Reached XP level 1. HP: 15/15 MP: 0/0
   181 | D:1      | Reached XP level 2. HP: 13/21 MP: 0/0
   937 | D:2      | Reached XP level 3. HP: 25/25 MP: 0/0
   937 | D:2      | Learned a level 1 spell: Sandblast
  1560 | D:2      | Reached XP level 4. HP: 31/31 MP: 0/0
  1567 | D:2      | Found a bloodstained altar of Trog.
  1820 | D:2      | Noticed Natasha
  1828 | D:2      | Killed from afar by a white imp

Illustrated notes

Levels and vault maps discovered:
D:1:      ldierk_walled_garden_2, layout_loops_ring, minivault_19,
          minmay_tiny_reverse_x
D:2:      layout_basic, basic_altar, uniq_natasha

Skill      XL: |  1  2  3 |
---------------+----------+-----
Stealth        | 2 |  2.5
Dodging        | 3 |  3.3
Spellcasting   | |  3.7

Action                   |  1- 3 |  4- 6 || total
-------------------------+-------+-------++-------
Melee: Unarmed           |    10 |     3 ||    13
 Cast: Freeze            |    49 |    11 ||    60
       Sandblast         |       |     2 ||     2
 Stab: Sleeping          |     2 |       ||     2
Armor: Robe              |     5 |       ||     5
Dodge: Dodged            |    33 |    10 ||    43

Table legend: (Time is in decaauts)
 A = Elapsed time spent in this place.
 B = Non-inter-level travel time spent in this place.
 C = Inter-level travel time spent in this place.
 D = Time resting spent in this place.
 E = Time spent auto-exploring this place.
 F = Levels seen in this place.
 G = Mean time per level.
                   A        B        C        D        E       F      G
               +--------+--------+--------+--------+--------+-----+--------+
         Total |   1830 |   1799 |     31 |    607 |    944 |   2 |  915.0 |
       Dungeon |   1830 |   1799 |     31 |    607 |    944 |   2 |  915.0 |
               +--------+--------+--------+--------+--------+-----+--------+

Top non-repeatable levels by time:
     D:1: 1333 daAuts
     D:2: 497 daAuts
